Map: Abyssal Reef LE

Players

Akeldama - Winner!

  • Race: Zerg Zerg
  • League: Gold
  • Spawn Location: 5:00

Metasapien

  • Race: Zerg Zerg
  • League: Platinum
  • Spawn Location: 11:00

VOD

Have the link to the VOD?

Description

Time

  • Played on: Sept. 16, 2017, 8:55 p.m.
  • Length: 12:34
Show
View Real Time Build Order
Export as new Build Order

Akeldama Zerg - Winner!

Build Orders: Pool First 

Get SALT Encoding   

  12  0:01  Drone  
  13  0:13  Overlord  
  13  0:17  Drone  
  14  0:35  Spawning Pool  
  13  0:37  Drone  
  14  0:43  Drone  
  14  0:46  Drone  
  16  1:11  Hatchery  
  16  1:12  Drone  
  16  1:23  Queen  
  18  1:26  Zergling x2  
  19  1:35  Zergling x4  
  19  1:38  Extractor  
  19  1:39  Drone  
  21  2:04  Drone  
  21  2:06  Overlord  
  22  2:23  Drone x2  
  22  2:25  Drone  
  22  2:28  Queen  
  27  2:33  Drone x3  
  27  2:34  Drone  
  31  2:39  Drone  
  32  2:46  Drone x2  
  34  3:04  Drone x2  
  34  3:16  Drone x3  
  34  3:18  Overlord x2, Spine Crawler  
  35  3:22  Drone  
  35  3:24  Spine Crawler x2  
  34  3:38  Drone x2  
  34  3:39  Drone x4  
  40  3:47  Metabolic Boost  
  40  3:53  Baneling Nest  
  39  3:57  Drone  
  40  4:27  Drone x2, Extractor  
  40  4:28  Drone x2  
  43  4:38  Roach Warren  
  43  4:40  Zergling x4  
  43  4:41  Overlord x2  
  43  4:42  Overlord x4  
  44  4:48  Extractor  
  44  4:51  Extractor  
  44  4:52  Lair  
  42  4:56  Drone  
  43  5:19  Hatchery  
  42  5:21  Drone  
  42  5:22  Drone x5  
  42  5:23  Drone x5  
  42  5:24  Drone  
  54  5:32  Queen  
  56  5:38  Zergling x4  
  58  5:48  Glial Reconstitution  
  58  5:58  Evolution Chamber  
  58  5:59  Evolution Chamber  
  56  6:04  Baneling x4  
  56  6:09  Centrifical Hooks  
  56  6:18  Roach  
  56  6:19  Roach x9  
  72  6:30  Roach x5  
  72  6:32  Zerg Missile Weapons Level 1  
  82  6:35  Zerg Ground Armor Level 1  
  82  6:43  Roach x4  
  86  6:57  Roach x4  
  78  7:24  Roach  
  78  7:25  Roach x9  
  88  7:53  Roach  
  88  7:54  Roach x4  
  88  7:55  Overlord x5  
  98  8:09  Overlord x3  
  96  8:40  Roach x4  
  96  8:41  Roach x14  
  88  9:13  Roach  
  88  9:14  Roach x7  
  104  9:23  Pneumatized Carapace  
  86  9:53  Zerg Missile Weapons Level 2, Zerg Ground Armor Level 2  
  86  9:54  Roach  
  86  9:55  Roach x12  
  110  10:19  Drone  
  110  10:20  Drone x7  
  116  10:23  Roach x9  
  98  11:02  Roach  
  98  11:03  Roach x15  
  124  11:07  Queen x3  
  110  11:28  Hatchery  
  103  11:39  Extractor  
  96  11:43  Extractor  
  95  11:49  Roach  
  95  11:50  Roach x16  
  129  11:56  Ravager x2  
  129  11:57  Ravager x5  
Show
View Real Time Build Order
Export as new Build Order

Metasapien Zerg 

Build Orders: Pool First 

Get SALT Encoding   

  12  0:03  Drone  
  13  0:12  Overlord  
  13  0:18  Drone  
  15  0:42  Drone  
  15  0:43  Drone x2  
  17  0:56  Spawning Pool  
  16  1:15  Extractor  
  16  1:16  Drone, Hatchery  
  15  1:21  Drone  
  15  1:24  Drone  
  17  1:34  Drone  
  17  1:39  Drone  
  19  1:44  Queen  
  21  1:51  Overlord  
  21  2:02  Overlord  
  21  2:12  Zergling x2  
  22  2:19  Extractor  
  21  2:28  Queen  
  23  2:31  Zergling x2  
  24  2:42  Drone  
  24  2:43  Zergling x4  
  27  2:44  Metabolic Boost  
  27  2:48  Zergling x2  
  28  2:55  Zergling x2  
  26  3:24  Queen  
  26  3:26  Zergling x6  
  31  3:29  Drone  
  31  3:30  Drone x2  
  34  3:36  Drone  
  35  3:46  Drone x3  
  38  3:58  Drone x2  
  38  4:00  Roach Warren  
  34  4:18  Drone  
  34  4:19  Drone x5  
  34  4:23  Spine Crawler x2  
  38  4:25  Drone x2  
  40  4:34  Drone x3  
  40  4:35  Zergling x2  
  40  4:37  Overlord  
  44  4:42  Spine Crawler  
  44  4:45  Extractor  
  42  4:53  Lair  
  42  5:01  Drone x2  
  42  5:02  Drone x2, Spine Crawler  
  42  5:04  Extractor  
  42  5:05  Roach  
  46  5:08  Roach  
  46  5:11  Roach  
  50  5:16  Overlord  
  50  5:31  Drone x2  
  50  5:35  Overlord x2  
  52  5:37  Drone x3  
  52  5:42  Roach x2  
  59  5:54  Hydralisk Den  
  59  5:56  Ravager x2  
  60  5:59  Roach x3  
  60  6:00  Roach x2  
  60  6:02  Overlord  
  70  6:07  Drone x3  
  70  6:09  Pneumatized Carapace  
  69  6:26  Roach x2  
  69  6:27  Roach x3  
  79  6:47  Hatchery  
  57  7:30  Hydralisk  
  57  7:31  Hydralisk x4  
  57  7:32  Roach x5  
  66  7:56  Roach x4  
  74  8:03  Evolution Chamber  
  73  8:06  Evolution Chamber  
  73  8:07  Overlord x2  
  73  8:08  Overlord  
  73  8:10  Hatchery, Glial Reconstitution  
  71  8:26  Drone x3  
  73  8:28  Queen  
  73  8:29  Queen  
  77  8:41  Roach, Hydralisk x4  
  71  8:42  Roach x3  
  73  8:58  Hydralisk  
  73  8:59  Roach x2  
  75  9:18  Hydralisk  
  75  9:19  Hatchery, Roach x3  
  75  9:20  Spine Crawler  
  75  9:21  Ravager  
  75  9:22  Spore Crawler  
  81  9:25  Zerg Ground Armor Level 1  
  81  9:30  Ravager  
  78  9:35  Roach x2  
  78  9:36  Roach  
  64  9:53  Hydralisk, Roach x5  
  67  10:05  Lair  
  67  10:06  Lair  
  62  10:08  Roach x3  
  62  10:10  Zergling x2  
  69  10:18  Ravager  
  69  10:19  Ravager  
  69  10:35  Roach, Hydralisk x3  
  63  10:36  Roach x3  
  61  10:57  Roach x6  
  64  11:11  Hydralisk x2  
  64  11:12  Roach x2  
  54  11:35  Hydralisk x2  
  54  11:36  Roach x4, Hydralisk  
  68  11:41  Overlord  
  68  11:48  Roach, Hydralisk  
  72  11:57  Hydralisk  
  72  11:58  Roach x2  
  78  12:09  Ravager  
  78  12:10  Ravager x4  
Tags
 
Add a new tag
Caveats
  • Supply blocks, unpowered buildings, or Contaminate may cause inaccurate times.
  • Supply counts are checked every 10 seconds.